 Dungeon Crawl Stone Soup version 0.19-a0-1675-gc11f27c (webtiles) character file.

60 Amciq the Skirmisher (level 4, -11/40 HPs)
             Began as a Hill Orc Fighter on Sept 23, 2016.
             Mangled by Amciq's ghost (17 damage)
             ... on level 3 of the Dungeon.
             The game lasted 00:03:34 (1572 turns).

Amciq the Skirmisher (Hill Orc Fighter)             Turns: 1572, Time: 00:03:34

Health: -11/40     AC:  6    Str: 24    XL:     4   Next: 4%
Magic:  4/4        EV:  8    Int:  8    God:
Gold:   132        SH:  9    Dex: 10    Spells: 0 memorised, 3 levels left

rFire  . . .     SeeInvis .     a - +0 war axe
rCold  . . .     Gourm    .     b - +0 scale mail
rNeg   . . .     Faith    .     c - +0 shield
rPois  .         Spirit   .     (no helmet)
rElec  .         Dismiss  .     (no cloak)
rCorr  .         Reflect  .     (no gloves)
MR     .....     Harm     .     (no boots)
Stlth  ..........               (no amulet)
                                (no ring)
                                (no ring)

@: mighty
A: no striking features
a: no special abilities


You were on level 3 of the Dungeon.
You were not hungry.

You visited 1 branch of the dungeon, and saw 3 of its levels.

You collected 132 gold pieces.

Inventory:

Hand Weapons
 a - a +0 war axe (weapon)
Missiles
 k - 97 stones (quivered)
Armour
 b - a +0 scale mail (worn)
 c - a +0 shield (worn)
Jewellery
 p - a +3 amulet of reflection {unknown}
Scrolls
 e - a scroll of recharging {unknown}
 h - 2 scrolls of remove curse {unknown}
 i - a scroll of fog {unknown}
 l - a scroll of noise {unknown}
 n - a scroll of teleportation {unknown}
 r - a scroll of identify {unknown}
Potions
 t - 2 potions of curing {unknown}
Books
 g - a book of Necromancy

   Spells                             Type                      Level
   a - Pain                           Necromancy                   1
   b - Animate Skeleton               Necromancy                   1
   c - Vampiric Draining              Necromancy                   3
   d - Regeneration                   Charms/Necromancy            3
   e - Animate Dead                   Necromancy                   4
   f - Control Undead                 Necromancy                   4
Comestibles
 f - 2 bread rations
 j - 5 meat rations
 m - 4 fruits
 o - 2 beef jerkies
 s - a chunk of flesh


   Skills:
 * Level 4.1 Fighting
 * Level 3.9 Axes
 * Level 3.5 Armour
 + Level 1.0 Dodging
 * Level 3.7 Shields


You had 3 spell levels left.
You didn't know any spells.

Dungeon Overview and Level Annotations

Branches:
Dungeon (3/15)

Altars:

Annotations:
D:3 Amciq's ghost, amateur HOFi


Message History

Amciq's ghost hits you!
* * * LOW HITPOINT WARNING * * *
Amciq's ghost hits you.
* * * LOW HITPOINT WARNING * * *
Okay, then.
You feel very mighty all of a sudden.
You hear the slow rusting of a very distant drain.
Amciq's ghost barely misses you.
A kobold comes into view.
You slash Amciq's ghost!
Amciq's ghost is heavily damaged.
Amciq's ghost closely misses you.
You barely miss Amciq's ghost.
Amciq's ghost is heavily damaged.
You block Amciq's ghost's attack.
You slash Amciq's ghost!
Amciq's ghost is severely damaged.
Amciq's ghost stares at you. Amciq's ghost hits you!
You die...

##.### ##.%...##
#.#.## ##.......##
####....####.........#
...........'.........+
####....####......>..#
# #.#.## ##.....%.# #
#.### ##.>...## # #.#
##...## # #.# ##@## #
#.# #W# # #. #K# # ...
... ..... #...) ##.#..


You could see Amciq's ghost and a kobold.

Vanquished Creatures
  An adder (D:3)
  A worm (D:2)
  2 dart slugs
  A leopard gecko (D:3)
  3 giant cockroaches (D:2)
  4 goblins
  9 hobgoblins
  2 jackals (D:1)
  2 ball pythons (D:1)
  3 bats (D:1)
  3 frilled lizards
  6 kobolds
  2 rats (D:2)
39 creatures vanquished.

Notes
Turn   | Place    | Note
-------+----------+-------------------------------------------
     0 | D:1      | Amciq the Hill Orc Fighter began the quest for the Orb.
     0 | D:1      | Reached XP level 1. HP: 19/19 MP: 1/1
   272 | D:1      | Reached XP level 2. HP: 22/26 MP: 2/2
   627 | D:1      | Reached XP level 3. HP: 32/33 MP: 3/3
  1404 | D:3      | Reached skill level 4 in Fighting
  1404 | D:3      | Reached skill level 1 in Dodging
  1450 | D:3      | Reached XP level 4. HP: 28/40 MP: 4/4
  1561 | D:3      | Noticed Amciq's ghost (amateur HOFi)
  1572 | D:3      | Mangled by Amciq's ghost

Vault maps used:
D:1:      co_arrival_random_square_maze, st_stairs_13, dk_noncrumbling_4,
          minmay_strange_pillars
D:2:      minmay_pentomino_z4
D:3:      first_bread, gup_sewer_entry_bubbles, nicolae_ru_sacrificial_ziggurat

Skill      XL: |  1  2  3 |
---------------+----------+-----
Axes           | 3 |  3.9
Fighting       | 4 |  4.1
Dodging        | 1 |  1.0
Armour         | |  3.5
Shields        | |  3.7

Action                   |  1- 3 |  4- 6 || total
-------------------------+-------+-------++-------
Melee: War axe           |   129 |    13 ||   142
Throw: Stone             |     4 |       ||     4
  Use: Potion            |     3 |     1 ||     4
  Eat: Chunk             |     2 |       ||     2
Armor: Scale mail        |    60 |       ||    60
Dodge: Dodged            |    32 |     5 ||    37
Block: Shield            |    64 |     3 ||    67
